 Dungeon Crawl Stone Soup version 0.29-a0-1023-g6ae1a4a2c7 (webtiles) character file.

Game seed: 4348794855202738913

30 BritishOli the Trooper (level 3, 27/29 HPs)
             Began as a Demonspawn Fighter on Aug 11, 2022.
             Got out of the dungeon alive.
             The game lasted 00:00:36 (822 turns).

BritishOli the Trooper (Demonspawn Fighter)          Turns: 822, Time: 00:00:37

Health: 27/29      AC:  6    Str: 18    XL:     3   Next: 5%
Magic:  3/3        EV:  9    Int:  9    God:
Gold:   48         SH:  4    Dex: 12    Spells: 2/2 levels left

rFire   . . .      SeeInvis .   a - +0 long sword
rCold   . . .      Faith    .   c - +0 buckler
rNeg    . . .      Spirit   .   b - +0 scale mail
rPois   .          Reflect  .   (no helmet)
rElec   .          Harm     .   (no cloak)
rCorr   .          Rampage  .   (no gloves)
Will    .....                   (no boots)
Stlth   ..........              (no amulet)
HPRegen 0.09/turn               (no ring)
MPRegen 0.16/turn               (no ring)

@: no status effects
A: hooves 1, magic regeneration
a: no special abilities


You escaped.
You visited 1 branch of the dungeon, and saw 1 of its levels.

You collected 48 gold pieces.

Inventory:

Hand Weapons
 a - a +0 long sword (weapon)
Armour
 b - a +0 scale mail (worn)
 c - a +0 buckler (worn)
Scrolls
 e - a scroll of identify {unknown}
 f - 2 scrolls of enchant armour {unknown}
Potions
 d - a potion of might
 g - 2 potions of curing {unknown}


   Skills:
 * Level 3.4 Fighting
 + Level 2.1 Long Blades
 + Level 3.0 Armour
 + Level 3.0 Shields


You had 2 spell levels left.
You didn't know any spells.
Your spell library was empty.

Dungeon Overview and Level Annotations

Branches:
Dungeon (1/15)

Altars:


Innate Abilities, Weirdness & Mutations

You have large cloven feet.
You regenerate magic rapidly.


Message History

Found a scroll labelled CAXIODGH YREU.
You see here a +0 short sword.
There are monsters nearby!
You hit the endoplasm.
The endoplasm is heavily wounded.
The endoplasm freezes you.
You are frozen.
There are monsters nearby!
You hit the endoplasm.
You kill the endoplasm!
There are monsters nearby!
You hit the quokka but do no damage. You kick the quokka, but do no damage.
You block the endoplasm's attack. The quokka barely misses you.
The endoplasm freezes you.
You are frozen.
There are monsters nearby!
You hit the quokka.
You kill the quokka!
The endoplasm hits you but does no damage.
You have reached level 3!
Your experience leads to an increase in your attributes!
Increase (S)trength, (I)ntelligence, or (D)exterity?
You feel stronger. x2; Your demonic ancestry asserts itself...
Your magic begins to regenerate rapidly.
You slash the endoplasm!
You kill the endoplasm!
No target in view!
No target in view!
(D) Dungeon
Where to? (? - help)
Okay, then.
There is an open door here.
You see here a +0 leather armour.
You open the door.
There is an open door here.
You open the door.
There is an open door here.
There is a staircase leading out of the dungeon here.
Are you sure you want to leave the Dungeon?
This will make you lose the game!
You have escaped!

#######.#......#........######..
#..)....#......#................
#.###.###.....###.....#.#######.
#.............# #......... #..
#............## ##........ #..
#.##########'#####+#### ####.#
#...### ##.....# ###..#.#
#.....### ##.....## ###......#
#.....(.####...@...####.........
#.........##.......##........###
#.###.....###.....###......###
#.# #.....# ###'### #......# #.#
#....## ##.## ##.....# #. #....#
###...### #.....#
#...####.......####....#
#..(##...........##....#
#..#....######.....#...#


There were no monsters in sight!

Vanquished Creatures
  2 dart slugs (D:1)
  2 endoplasms (D:1)
  A giant cockroach (D:1)
  3 goblins (D:1)
  A hobgoblin (D:1)
  2 jackals (D:1)
  A kobold (D:1)
  2 quokkas (D:1)
  3 ball pythons (D:1)
  2 bats (D:1)
  A frilled lizard (D:1)
  3 rats (D:1)
23 creatures vanquished.

Notes
Turn   | Place    | Note
-------+----------+-------------------------------------------
     0 | D:1      | BritishOli the Demonspawn Fighter began the quest for the
                  | Orb.
     0 | D:1      | Reached XP level 1. HP: 18/18 MP: 1/1
   383 | D:1      | Gained mutation: You have large cloven feet. [demonic
                  | ancestry]
   383 | D:1      | Reached XP level 2. HP: 24/24 MP: 2/2
   754 | D:1      | Gained mutation: You regenerate magic rapidly. [demonic
                  | ancestry]
   754 | D:1      | Reached XP level 3. HP: 20/29 MP: 3/3
   822 | D:$      | Got out of the dungeon alive.

Illustrated notes

Levels and vault maps discovered:
D:1:      onia_arrival_pentagram, layout_basic

Skill      XL: |  1  2 |
---------------+-------+-----
Long Blades    | 2 |  2.1
Armour         | 3 |  3.0
Shields        | 3 |  3.0
Fighting       | |  3.4

Action                   || total
-------------------------++-------
Melee: Long sword        ||    65
       Kick              ||    14
Armor: Scale mail        ||    45
Dodge: Dodged            ||    35
Block: Buckler           ||    16

Table legend: (Time is in decaauts)
 A = Elapsed time spent in this place.
 B = Non-inter-level travel time spent in this place.
 C = Inter-level travel time spent in this place.
 D = Time resting spent in this place.
 E = Time spent auto-exploring this place.
 F = Levels seen in this place.
 G = Mean time per level.
                   A        B        C        D        E       F      G
               +--------+--------+--------+--------+--------+-----+--------+
         Total |    843 |    777 |     66 |      0 |    627 |   1 |  843.0 |
       Dungeon |    843 |    777 |     66 |      0 |    627 |   1 |  843.0 |
               +--------+--------+--------+--------+--------+-----+--------+

Top non-repeatable levels by time:
     D:1: 843 daAuts
